 Dungeon Crawl Stone Soup version 0.31-a0-142-g31f6795574 (webtiles) character file.

Game seed: 10186541804313788099

193 browni3141 the Cudgeller (level 5, -3/46 HPs)
             Began as a Minotaur Fighter on June 3, 2023.
             Slain by Menkaure (16 damage)
             ... in an ossuary.
             The game lasted 00:05:12 (2880 turns).

browni3141 the Cudgeller (Minotaur Fighter)         Turns: 2880, Time: 00:05:12

Health: -3/46      AC:  7    Str: 23    XL:     5   Next: 44%
Magic:  4/4        EV:  9    Int:  5    God:
Gold:   155        SH:  4    Dex:  9    Spells: 4/4 levels left

rFire   . . .        a - +0 flail
rCold   . . .        c - +0 buckler
rNeg    . . .        b - +0 scale mail
rPois   +            (helmet restricted)
rElec   .            (no cloak)
rCorr   .            (no gloves)
SInv    .            (no boots)
Will    .....        B - amulet of the acrobat Stlth
                     y - ring of poison resistance
HPRegen 0.27/turn    (no ring)
MPRegen 0.09/turn

%: acrobat
@: mighty, marked
A: horns 2, retaliatory headbutt
a: no special abilities


You were in an ossuary.
You visited 1 branch of the dungeon, and saw 4 of its levels.
You also visited: Ossuary.

You collected 155 gold pieces.

Inventory:

Hand Weapons
 a - a +0 flail (weapon)
 e - a +2 dagger of venom
Missiles
 h - 6 boomerangs (quivered)
 A - 3 boomerangs of dispersal
Armour
 b - a +0 scale mail (worn)
 c - a +0 buckler (worn)
 o - a +0 leather armour of poison resistance
Jewellery
 y - a ring of poison resistance (left hand)
 B - an amulet of the acrobat (around neck)
Scrolls
 g - 2 scrolls of magic mapping {unknown}
 j - a scroll of acquirement {unknown}
 k - a scroll of fog {unknown}
 m - a scroll of fear {unknown}
 n - 3 scrolls of identify {unknown}
 p - a scroll of enchant armour {unknown}
 q - 2 scrolls of amnesia {unknown}
 u - a scroll of immolation {unknown}
 v - a scroll of vulnerability {unknown}
 w - a scroll of enchant weapon {unknown}
 z - 2 scrolls of teleportation {unknown}
Potions
 d - 2 potions of might
 f - 2 potions of curing {unknown}
 i - a potion of berserk rage {unknown}
 l - a potion of magic {unknown}
 r - a potion of brilliance {unknown}
 s - 2 potions of resistance {unknown}
 t - 2 potions of heal wounds {unknown}
 x - a potion of lignification {unknown}


   Skills:
 - Level 3.7 Fighting
 * Level 5.2 Maces & Flails
 * Level 1.9 Throwing
 - Level 3.7 Armour
 + Level 2.1 Stealth
 - Level 3.7 Shields


You had 4 spell levels left.
You didn't know any spells.
Your spell library was empty.

Dungeon Overview and Level Annotations

Branches:
Dungeon (4/15)            Ossuary (1/1)
 Temple: D:4-7

Altars:
Wu Jian
Zin

Annotations:
Ossuary Menkaure


Innate Abilities, Weirdness & Mutations

You have a pair of horns on your head.
You reflexively headbutt those who attack you in melee.


Message History

A gnoll skeleton comes into view.
The kobold skeleton misses you.
You hit the kobold skeleton but do no damage.
Your headbutt misses the kobold skeleton.
The kobold skeleton closely misses you.
You sock the kobold skeleton!
You destroy the kobold skeleton!
The gnoll skeleton misses you. You furiously retaliate!
You headbutt the gnoll skeleton. You thump the gnoll skeleton!
You destroy the gnoll skeleton!
No target in view!
No target in view!
A mummy comes into view.
Menkaure, Prince of Dust comes into view.
There are monsters nearby!
There are monsters nearby!
You feel very mighty all of a sudden. The mummy misses you.
You hit the mummy.
The mummy is moderately damaged.
A hobgoblin zombie comes into view.
You hit the mummy.
The mummy is heavily damaged.
Menkaure blazes with dark energy!
The mummy hits you.
A hobgoblin skeleton comes into view.
You hit the mummy. Your headbutt misses the mummy.
The mummy is severely damaged.
Menkaure hits you! The mummy hits you!
* * * LOW HITPOINT WARNING * * *
Unknown command.
You hit the mummy.
The mummy is almost destroyed.
Menkaure completely misses you. You furiously retaliate!
You headbutt Menkaure! The mummy hits you but does no damage.
You barely miss the mummy.
The mummy is almost destroyed.
Menkaure hits you!
You die...

##..##..##....##..#
##..##..##..##..##..
##..##..##..####..##.
##.^##..##..## ##..##
##..##..##..## ##..#
##..##..##..## ##..
##..##..##..## ##.
##..##..##..## ## ##..##..##@.##
# ##..##..##MM## ##..##^.##..ZZ
##..##..######################
##..##.........................
##..############################
#^..............................
################################


You could see Menkaure, a mummy, a hobgoblin zombie and a hobgoblin skeleton.

Vanquished Creatures
  A hound (D:4)
  2 mummies (Ossuary)
  2 adders
  A white imp (D:3)
  An ufetubus (D:4)
  A worm (D:2)
  A dart slug (D:1)
  5 orcs
  4 bats
  5 endoplasms
  6 giant cockroaches
  A gnoll zombie (Ossuary)
  8 goblins
  2 hobgoblins
  9 jackals
  2 quokkas
  4 ball pythons
  3 frilled lizards
  4 gnoll skeletons (Ossuary)
  5 goblin skeletons (Ossuary)
  3 goblin zombies (Ossuary)
  A hobgoblin skeleton (Ossuary)
  3 hobgoblin zombies (Ossuary)
  2 kobolds
  5 kobold skeletons (Ossuary)
  4 kobold zombies (Ossuary)
  4 orc skeletons (Ossuary)
  7 orc zombies (Ossuary)
  5 rats
  2 rat skeletons (Ossuary)
  5 rat zombies (Ossuary)
108 creatures vanquished.

Notes
Turn   | Place    | Note
-------+----------+-------------------------------------------
     0 | D:1      | browni3141 the Minotaur Fighter began the quest for the
                  | Orb.
     0 | D:1      | Reached XP level 1. HP: 19/19 MP: 0/0
   189 | D:1      | Found a faded altar of an unknown god.
   194 | D:1      | Reached XP level 2. HP: 27/27 MP: 1/1
   273 | D:1      | Reached skill level 3 in Maces & Flails
   963 | D:2      | Reached skill level 1 in Stealth
   963 | D:2      | Reached XP level 3. HP: 33/33 MP: 2/2
  1850 | D:3      | Found an ornate altar of the Wu Jian Council.
  1882 | D:3      | Reached skill level 4 in Maces & Flails
  2022 | D:3      | Found a glowing silver altar of Zin.
  2067 | D:3      | Reached XP level 4. HP: 40/40 MP: 3/3
  2311 | D:4      | Reached skill level 1 in Throwing
  2535 | D:4      | Reached XP level 5. HP: 46/46 MP: 4/4
  2553 | D:4      | Found a sand-covered staircase.
  2565 | Ossuary  | Entered an ossuary
  2684 | Ossuary  | Reached skill level 5 in Maces & Flails
  2874 | Ossuary  | Noticed Menkaure
  2880 | Ossuary  | Slain by Menkaure

Illustrated notes

Levels and vault maps discovered:
D:1:      wheals_arrival_shading, layout_loops_cross,
          nicolae_ecumenical_snake_handling, grunt_decor_mini_mirrors
D:2:      layout_basic
D:3:      layout_basic, lemuel_doored_altar, pdpol_wu_jian_five_deadly_venoms
D:4:      layout_layer_cave, nicolae_overflow_hidden_temple,
          general_overflow_altar, enter_ossuary_1, corexii_corridor_pit,
          minmay_puff
Ossuary:  ossuary_due_pyramid

Skill      XL: |  1  2  3  4  5 |
---------------+----------------+-----
Maces & Flails | 3 4 5 |  5.2
Stealth        | 1 2 |  2.1
Throwing       | 1 |  1.9
Fighting       | |  3.7
Armour         | |  3.7
Shields        | |  3.7

Action                     |  1- 3 |  4- 6 || total
---------------------------+-------+-------++-------
  Melee: Flail             |    98 |   138 ||   236
         Headbutt          |    16 |    22 ||    38
  Throw: Stone             |     5 |       ||     5
    Use: Potion            |       |     1 ||     1
 Armour: Scale mail        |    42 |    51 ||    93
  Dodge: Dodged            |    46 |    57 ||   103
  Block: Buckler           |    23 |    23 ||    46

Table legend: (Time is in decaauts)
 A = Elapsed time spent in this place.
 B = Non-inter-level travel time spent in this place.
 C = Inter-level travel time spent in this place.
 D = Time resting spent in this place.
 E = Time spent auto-exploring this place.
 F = Levels seen in this place.
 G = Mean time per level.
                   A        B        C        D        E       F      G
               +--------+--------+--------+--------+--------+-----+--------+
         Total |   2929 |   2743 |    186 |      0 |   1827 |   5 |  585.8 |
       Dungeon |   2596 |   2410 |    186 |      0 |   1695 |   4 |  649.0 |
       Ossuary |    332 |    332 |      0 |      0 |    132 |   1 |  332.0 |
               +--------+--------+--------+--------+--------+-----+--------+

Top non-repeatable levels by time:
     D:2: 912 daAuts
     D:1: 737 daAuts
     D:3: 613 daAuts
     D:4: 333 daAuts
 Ossuary: 332 daAuts
